 Dungeon Crawl Stone Soup version 0.28-a0-1167-g616b1c6417 (webtiles) character file.

Game seed: 4848453127893281958

9291 BinkBink the Protected (level 11, 0/88 HPs)
             Began as a Minotaur Monk on Dec 16, 2021.
             Was a High Priest of Okawaru.
             Killed by refrigeration
             ... invoked by Fannar
              (14 damage)
             ... on level 10 of the Dungeon.
             The game lasted 00:25:00 (13136 turns).

BinkBink the Protected (Minotaur Monk)             Turns: 13136, Time: 00:25:00

Health: 0/88       AC: 14    Str: 21    XL:     11   Next: 21%
Magic:  10/10      EV: 19    Int:  7    God:    Okawaru [*****.]
Gold:   346        SH:  5    Dex: 18    Spells: 10/10 levels left

rFire   . . .      SeeInvis .   F - +4 dagger
rCold   . . .      Faith    .   L - +0 buckler
rNeg    . . .      Spirit   .   M - +0 steam dragon scales
rPois   .          Reflect  .   C - +1 hat
rElec   .          Harm     .   s - +0 cloak
rCorr   .          Rampage  .   k - +0 pair of gloves
Will    .....                   E - +1 pair of boots {Stlth+}
Stlth   +++.......              e - amulet of the acrobat
HPRegen 0.24/turn               m - +6 ring of strength
MPRegen 0.12/turn               (no ring)

@: studying Polearms
A: horns 2, retaliatory headbutt
a: Renounce Religion, Heroism, Finesse, Duel


You were on level 10 of the Dungeon.
You worshipped Okawaru.
Okawaru was extremely pleased with you.
You visited 2 branches of the dungeon, and saw 11 of its levels.
You also visited: Sewer.

You collected 511 gold pieces.
You spent 165 gold pieces at shops.

Inventory:

Hand Weapons
 b - a +3 vampiric trident
 F - a +4 dagger (weapon)
Missiles
 z - 5 throwing nets (quivered)
Armour
 c - a +0 kite shield
 k - a +0 pair of gloves (worn)
 n - a scarf of invisibility
 s - a +0 cloak (worn)
 C - a +1 hat (worn)
 E - a +1 pair of boots of stealth (worn)
 L - a +0 buckler (worn)
 M - +0 steam dragon scales (worn)
Jewellery
 e - an amulet of the acrobat (around neck)
 m - a +6 ring of strength (left hand)
 w - a ring of fire
 H - a ring of wizardry
Wands
 v - a wand of iceblast (5)
 D - a wand of flame (21)
 J - a wand of digging (3)
Scrolls
 d - 4 scrolls of teleportation
 g - 4 scrolls of immolation
 i - 2 scrolls of noise
 t - 2 scrolls of magic mapping
 u - 2 scrolls of holy word
 y - 2 scrolls of fog
 A - a scroll of enchant weapon {unknown}
 I - a scroll of blinking
 K - a scroll of vulnerability {unknown}
Potions
 a - 2 potions of resistance {unknown}
 f - 3 potions of berserk rage
 h - a potion of invisibility {unknown}
 j - a potion of degeneration {unknown}
 l - 2 potions of mutation {unknown}
 o - 2 potions of flight
 p - 2 potions of curing
 r - a potion of might {unknown}
 B - a potion of attraction {unknown}
 G - a potion of lignification {unknown}


   Skills:
 + Level 5.5 Fighting
 + Level 11.3 Short Blades
 - Level 11.5 Armour
 + Level 11.3 Dodging
 - Level 1.5 Stealth
 + Level 2.8 Shields


You had 10 spell levels left.
You didn't know any spells.
Your spell library contained the following spells:

 Spells                   Type           Power      Damage    Failure   Level
 Corpse Rot               Necr/Air       0%         N/A       63%         2
 Ensorcelled Hibernation  Hex/Ice        0%         N/A       63%         2
 Poisonous Vapours        Pois/Air       0%         N/A       63%         2
 Ignite Poison            Fire/Tmut/Pois 0%         N/A       85%         3
 Mephitic Cloud           Conj/Pois/Air  0%         N/A       85%         3
 Spider Form              Tmut/Pois      0%         N/A       85%         3
 Freezing Cloud           Conj/Ice/Air   0%         6-21      100%        5


Dungeon Overview and Level Annotations

Branches:
Dungeon (10/15)            Temple (1/1) D:6            Lair (0/6) D:8
  Sewer (visited)
    Orc: D:9-12

Altars:
Ashenzari
Cheibriados
Dithmenos
Elyvilon
Fedhas
Gozag
Hepliaklqana
Kikubaaqudgha
Makhleb
Nemelex Xobeh
Okawaru
Qazlal
Ru
Sif Muna
Trog
Uskayaw
Vehumet
Wu Jian
Xom
Yredelemnul
Zin
The Shining One

Shops:
D:3 !   D:6 [

Annotations:
D:10 Fannar


Innate Abilities, Weirdness & Mutations

You have a pair of horns on your head.
You reflexively headbutt those who attack you in melee.


Message History

Fannar the Cold-Hearted comes into view.
They are wielding a staff of cold and wearing a +1 robe of cold resistance.
The helpless Fannar fails to defend themself.
You spit Fannar like a pig!!! Your headbutt misses Fannar.
Fannar is severely wounded.
You hit Fannar. Your headbutt misses Fannar.
Fannar is severely wounded.
Fannar mumbles some strange words.
Fannar drains the heat from the surrounding environment!
You closely miss Fannar. Your headbutt misses Fannar.
Fannar is severely wounded.
You miss Fannar. You headbutt Fannar, but do no damage.
Fannar is severely wounded.
Fannar brushes some snowflakes from their robe.
Fannar completely misses you.
You hit Fannar but do no damage.
Fannar is severely wounded.
You hit Fannar but do no damage. Your headbutt misses Fannar.
Fannar is severely wounded.
Fannar casts a spell at you. The bolt of cold hits you!!
You closely miss Fannar. Your headbutt misses Fannar.
Fannar is severely wounded.
You closely miss Fannar.
Fannar is severely wounded.
You block Fannar's attack.
You hit Fannar but do no damage. Your headbutt misses Fannar.
Fannar is severely wounded.
You hit Fannar.
Fannar is severely wounded.
Fannar casts a spell.
Fannar drains the heat from the surrounding environment!
* * * LOW HITPOINT WARNING * * *
Okay, then.
Blink to where?
Press: ? - help, Dir - move target
As you read the scroll of blinking, it crumbles to dust.
There is a stone staircase leading up here.
Fannar gestures wildly while chanting.
Fannar drains the heat from the surrounding environment!
You die...

#.# #.# #.#
#.##########.## #.#
#.............#####
#.#
##########........#
#.# #....###.# #.#
##.#.####.###.#
##.#..#........#
#.###...##.#####
##.#.@####.#
##........#
###.###### #.# #.#
#.# .######.#
.......e#########
.#####..ยง........


You could see Fannar.

Vanquished Creatures
  An unseen horror (D:7)
  A troll (D:9)
  A hornet (D:8)
  Prince Ribbit (D:7)
  15 yaks
  A wyvern (D:8)
  Eustachio (D:4)
  2 steam dragons
  A basilisk (D:8)
  4 water moccasins
  5 black bears
  A hornet zombie (D:6)
  A sky beast (D:6)
  An ice beast (D:4)
  3 orc warriors
  A necrophage (D:8)
  2 centaurs
  4 ogres
  2 phantoms
  5 kobold brigands
  3 gnoll sergeants
  A scorpion (D:8)
  A wyvern zombie (D:3)
  A water moccasin zombie (D:5)
  12 killer bees
  4 wights
  13 electric eels
  4 howler monkeys
  4 bullfrog zombies (D:5)
  4 centaur zombies
  A centaur skeleton (D:4)
  A jelly (D:6)
  2 orc priests
  A gnoll shaman (D:9)
  3 bullfrog skeletons
  2 hounds
  3 iguanas
  A scorpion zombie (D:5)
  8 orc wizards
  A hound zombie (D:5)
  2 hound skeletons
  A howler monkey zombie (D:6)
  Robin (D:2)
  17 gnolls
  A howler monkey skeleton (D:7)
  10 adders
  4 river rats
  A white imp (D:5)
  2 ufetubi
  An adder skeleton (D:4)
  4 worms
  37 orcs
  8 endoplasms
  4 giant cockroaches
  12 goblins
  11 hobgoblins
  10 jackals
  14 kobolds
  2 quokkas
  8 ball pythons
  3 bats
  10 rats
286 creatures vanquished.

Vanquished Creatures (others)
  An orc (D:9)
  34 plants
  2 withered plants (D:5)
37 creatures vanquished.

Grand Total: 323 creatures vanquished

Notes
Turn   | Place    | Note
-------+----------+-------------------------------------------
     0 | D:1      | BinkBink the Minotaur Monk began the quest for the Orb.
     0 | D:1      | Reached XP level 1. HP: 19/19 MP: 0/0
   633 | D:2      | Reached skill level 1 in Armour
   633 | D:2      | Reached XP level 2. HP: 18/26 MP: 1/1
   765 | D:2      | Noticed Robin
   800 | D:2      | Killed Robin
   801 | D:2      | Reached XP level 3. HP: 23/31 MP: 2/2
  1177 | D:2      | Noticed a black bear
  1201 | D:2      | Killed a black bear
  1202 | D:2      | Reached XP level 4. HP: 31/39 MP: 3/3
  1202 | D:2      | Reached XP level 5. HP: 36/45 MP: 4/4
  2042 | D:3      | Found Vydwip's Distillery.
  2072 | D:3      | Reached skill level 5 in Short Blades
  2072 | D:3      | Reached skill level 5 in Dodging
  2072 | D:3      | Reached XP level 6. HP: 33/51 MP: 5/5
  2854 | D:4      | Reached XP level 7. HP: 42/57 MP: 6/6
  2903 | D:4      | Found a glowing drain.
  2910 | Sewer    | Entered a sewer
  2917 | Sewer    | Reached skill level 5 in Armour
  3204 | Sewer    | Found a white marble altar of Elyvilon.
  3707 | D:4      | Reached XP level 8. HP: 46/64 MP: 7/7
  4048 | D:4      | Noticed Eustachio
  4059 | D:4      | Killed Eustachio
  4516 | D:5      | Entered Level 5 of the Dungeon
  5195 | D:5      | Reached XP level 9. HP: 70/70 MP: 8/8
  5491 | D:5      | Found a hide-covered altar of Uskayaw.
  5492 | D:5      | Found a shimmering blue altar of Sif Muna.
  6289 | D:6      | Found Juthrug's Antique Armour Emporium.
  6310 | D:6      | Bought a pair of runed boots for 165 gold pieces
  6372 | D:6      | Found a staircase to the Ecumenical Temple.
  6491 | Temple   | Entered the Ecumenical Temple
  6679 | Temple   | Became a worshipper of Warmaster Okawaru
  6679 | Temple   | Reached * piety under Okawaru
  6679 | Temple   | Reached ** piety under Okawaru
  7432 | D:7      | Noticed Prince Ribbit
  7502 | D:7      | Killed an unseen horror
  7614 | D:7      | HP: 2/70 [electric eel/bolt of electricity (12)]
  7968 | D:7      | Killed Prince Ribbit
  7969 | D:7      | Reached XP level 10. HP: 68/77 MP: 9/9
  8027 | D:7      | Reached skill level 10 in Armour
  8304 | D:7      | Found a snail-covered altar of Cheibriados.
  8330 | D:7      | Reached *** piety under Okawaru
  8342 | D:7      | Reached skill level 10 in Short Blades
  8342 | D:7      | Reached skill level 10 in Dodging
  8672 | D:8      | Reached **** piety under Okawaru
  9165 | D:8      | Found a staircase to the Lair.
  9248 | D:8      | Found a glowing silver altar of Zin.
  9248 | D:8      | Found a broken altar of Ashenzari.
  9530 | D:8      | Reached ***** piety under Okawaru
  9744 | D:8      | Found a bloodstained altar of Trog.
 10646 | D:9      | Reached skill level 1 in Shields
 11591 | D:9      | Reached XP level 11. HP: 83/85 MP: 10/10
 12243 | D:10     | Entered Level 10 of the Dungeon
 12276 | D:9      | Reached skill level 5 in Fighting
 12317 | D:9      | Received a gift from Okawaru
 13120 | D:10     | Noticed Fannar
 13136 | D:10     | Killed from afar by Fannar

Illustrated notes

Levels and vault maps discovered:
D:1:      tarquinn_simple_flora_water_d, layout_basic, lemuel_old_faithful
D:2:      layout_rooms, uniq_robin
D:3:      layout_loops_ring, serial_shops, nicolae_shop_trees,
          chequers_big_river
D:4:      minmay_bubble_buster, layout_basic, lightli_sewer_entry_pipes,
          minmay_manual_mail, uniq_eustachio
D:5:      layout_rooms, gammafunk_temple_overflow_pools, serial_undead,
          serial_undead_e, serial_undead_f, serial_undead_c, serial_undead_a
D:6:      layout_rooms, minmay_temple_entry_wispy, serial_shops,
          nicolae_square_shop
D:7:      cheibrodos_two_vegetables, layout_basic,
          nicolae_overflow_crystal_walls, minmay_holes, uniq_prince_ribbit1
D:8:      layout_gridville, gammafunk_temple_overflow_statue,
          trog_ov_bears_minmay, minmay_lair_entry_grove
D:9:      layout_roguey, grunt_ministairs_14, kennysheep_boxes
D:10:     layout_loops_corners, minivault_1, uniq_fannar
Temple:   eino_temple_rhombus

Skill      XL: |  1  2  3  4  5  6  7  8  9 10 11 |
---------------+----------------------------------+-----
Armour         | 1 3 4 6 8 9 11 | 11.5
Dodging        | 4 5 6 8 9 11 | 11.3
Short Blades   | 4 5 6 8 9 11 | 11.3
Fighting       | 4 5 |  5.5
Shields        | 1 2 |  2.8
Stealth        | |  1.5

Action                   |  1- 3 |  4- 6 |  7- 9 | 10-12 || total
-------------------------+-------+-------+-------+-------++-------
Melee: Dagger            |    84 |    60 |   326 |   463 ||   933
       Headbutt          |    18 |    29 |   153 |   143 ||   343
       Short sword       |     2 |    81 |   228 |       ||   311
Evoke: Wand              |       |       |       |     2 ||     2
  Use: Scroll            |       |       |     2 |     9 ||    11
       Potion            |       |       |       |     4 ||     4
 Stab: Sleeping          |     2 |     7 |     3 |     5 ||    17
Armor: Robe              |    17 |    33 |    85 |    24 ||   159
       Steam dragon scal |       |       |       |    22 ||    22
Dodge: Dodged            |    59 |   109 |   288 |   281 ||   737
Block: Buckler           |       |       |       |    22 ||    22

Table legend: (Time is in decaauts)
 A = Elapsed time spent in this place.
 B = Non-inter-level travel time spent in this place.
 C = Inter-level travel time spent in this place.
 D = Time resting spent in this place.
 E = Time spent auto-exploring this place.
 F = Levels seen in this place.
 G = Mean time per level.
                   A        B        C        D        E       F      G
               +--------+--------+--------+--------+--------+-----+--------+
         Total |  12790 |  12498 |    292 |      0 |   9950 |  12 | 1065.8 |
       Dungeon |  12205 |  11949 |    256 |      0 |   9513 |  10 | 1220.5 |
        Temple |    204 |    168 |     36 |      0 |    155 |   1 |  204.0 |
         Sewer |    379 |    379 |      0 |      0 |    282 |   1 |  379.0 |
               +--------+--------+--------+--------+--------+-----+--------+

Top non-repeatable levels by time:
     D:9: 2497 daAuts
     D:8: 1570 daAuts
     D:7: 1456 daAuts
     D:4: 1421 daAuts
     D:3: 1174 daAuts
     D:6: 1103 daAuts
     D:5: 943 daAuts
     D:2: 934 daAuts
     D:1: 618 daAuts
    D:10: 486 daAuts
   Sewer: 379 daAuts
  Temple: 204 daAuts
